 Dungeon Crawl Stone Soup version 0.28.0-49-g6dfe1f597d (webtiles) character file.

Game seed: 13523814386777621932

6046 pkoi the Zephyrmancer (level 10, -2/77 HPs)
             Began as a Demigod Air Elementalist on May 19, 2022.
             Slain by Harold
             ... wielding a +1 battleaxe of flaming
              (4 damage)
             ... on level 9 of the Dungeon.
             The game lasted 00:21:31 (21395 turns).

pkoi the Zephyrmancer (Demigod Air Elementalist)   Turns: 21395, Time: 00:21:31

Health: -2/77      AC:  6    Str:  9    XL:     10   Next: 31%
Magic:  13/19      EV: 14    Int: 29    God:
Gold:   429        SH:  0    Dex: 17    Spells: 3/16 levels left

rFire   . . .      SeeInvis .   s - staff of conjuration
rCold   . . .      Faith    .   (no shield)
rNeg    . . .      Spirit   .   a - +0 robe
rPois   .          Reflect  .   q - +0 helmet
rElec   .          Harm     .   j - scarf {shadows}
rCorr   .          Rampage  .   u - +0 pair of gloves
Will    +....                   c - +1 pair of boots
Stlth   ++........              (no amulet)
HPRegen 0.22/turn               t - ring "Ofusyvi" {Dex+3 Slay+4}
MPRegen 0.16/turn               (no ring)

@: no status effects
A: high MP 1, forlorn, divine attributes
a: no special abilities


You were on level 9 of the Dungeon.
You visited 2 branches of the dungeon, and saw 10 of its levels.
You also visited: Bailey.

You collected 429 gold pieces.

Inventory:

Hand Weapons
 o - a +1 quarterstaff
Armour
 a - a +0 robe (worn)
 c - a +1 pair of boots (worn)
 j - a scarf of shadows (worn)
 q - a +0 helmet (worn)
 u - a +0 pair of gloves (worn)
Magical Staves
 s - a staff of conjuration (weapon)
Jewellery
 f - a ring of fire
 i - a ring of fire
 t - the ring "Ofusyvi" (left hand) {Dex+3 Slay+4}
   (You found it on level 8 of the Dungeon)

   [ring of slaying]

   Dex:       It affects your dexterity (+3).
   Slay:      It affects your accuracy & damage with ranged weapons and melee
   (+4).
 v - a ring of ice
Wands
 e - a wand of flame (25)
 l - a wand of digging (4)
 p - a wand of iceblast (19)
 y - a wand of charming (3)
Scrolls
 r - 2 scrolls of teleportation
 z - 4 scrolls of fog
 A - a scroll of enchant armour
 B - 2 scrolls of magic mapping
 D - a scroll of fear
Potions
 b - a potion of ambrosia
 d - 2 potions of curing
 g - a potion of magic {unknown}
 h - a potion of might
 k - a potion of brilliance {unknown}
 x - 4 potions of heal wounds
 C - a potion of invisibility


   Skills:
 - Level 3.0 Fighting
 - Level 4.0 Armour
 - Level 4.0 Dodging
 - Level 1.7 Stealth
 + Level 3.3 Unarmed Combat
 + Level 3.8 Spellcasting
 + Level 6.9 Conjurations
 + Level 3.5 Ice Magic
 + Level 9.2 Air Magic
 + Level 2.5 Evocations


You had 3 spell levels left.
You knew the following spells:

 Your Spells              Type           Power      Damage    Failure   Level
a - Shock                 Conj/Air       100%       1d9       1%          1
b - Static Discharge      Conj/Air       68%        N/A       1%          2
c - Swiftness             Air            56%        N/A       1%          3
d - Airstrike             Air            28%        N/A       1%          4
e - Ozocubu's Armour      Ice            26%        N/A       4%          3

Your spell library contained the following spells:

 Spells                   Type           Power      Damage    Failure   Level
 Foxfire                  Conj/Fire      100%       2x1d9     1%          1
 Poisonous Vapours        Pois/Air       64%        N/A       1%          2
 Conjure Flame            Conj/Fire      38%        6-21      5%          3
 Animate Skeleton         Necr           10%        N/A       7%          1
 Beastly Appendage        Tmut           10%        N/A       7%          1
 Pain                     Necr           20%        1d5       7%          1
 Sublimation of Blood     Necr           5%         N/A       11%         2
 Wereblood                Tmut           5%         N/A       11%         2
 Inner Flame              Hex/Fire       5%         N/A       22%         3
 Spider Form              Tmut/Pois      5%         N/A       22%         3
 Vampiric Draining        Necr           5%         2d6       22%         3
 Flame Wave               Conj/Fire      38%        2d9       17%         4
 Irradiate                Conj/Tmut      19%        3d19      43%         5
 Petrify                  Tmut/Erth      5%         N/A       56%         4
 Ozocubu's Refrigeration  Ice            13%        4d7       100%        7
 Storm Form               Tmut/Air       16%        N/A       100%        7
 Polar Vortex             Ice            13%        N/A       100%        9


Dungeon Overview and Level Annotations

Branches:
Dungeon (9/15)             Temple (1/1) D:6            Lair (0/6) D:9
 Bailey (visited)
    Orc: D:9-12

Shops:
D:5 *

Annotations:
D:4 1 runed translucent door, Crazy Yiuf
D:5 3 runed translucent doors, Soldner's ghost, novice MiFi
D:9 Harold


Innate Abilities, Weirdness & Mutations

You have an increased reservoir of magic. (+10% MP)
You shall have no god before yourself.
Your divine heritage dramatically boosts your attributes as you level up.


Message History

Harold is nearby!
Harold fires a harpoon shot at you. The harpoon shot hits you!
You are yanked forward by the harpoon shot.
Casting: Static Discharge (safe; 1% risk of failure)
Confirm with . or Enter, or press ? or * to list all spells.
You feel a surge of power!
Harold is struck by an arc of lightning.
Harold is lightly wounded.
You are struck by an arc of lightning.
Harold is struck by an arc of lightning.
Harold is lightly wounded.
The lightning grounds out.
Harold hits you with a +1 battleaxe of flaming!
* * * LOW HITPOINT WARNING * * *
Harold burns you.
* * * LOW HITPOINT WARNING * * *
Casting: Static Discharge (safe; 1% risk of failure)
Confirm with . or Enter, or press ? or * to list all spells.
You feel a surge of power!
Harold is struck by an arc of lightning!
Harold is moderately wounded.
You are struck by an arc of lightning.
* * * LOW HITPOINT WARNING * * *
The lightning grounds out.
Harold hits you with a +1 battleaxe of flaming!!
* * * LOW HITPOINT WARNING * * *
Harold burns you!
* * * LOW HITPOINT WARNING * * *
Unknown command.
Casting: Static Discharge (safe; 1% risk of failure)
Confirm with . or Enter, or press ? or * to list all spells.
You feel a surge of power!
Harold is struck by an arc of lightning!
Harold is heavily wounded.
You are struck by an arc of lightning.
* * * LOW HITPOINT WARNING * * *
The lightning grounds out.
Harold hits you with a +1 battleaxe of flaming.
You die...

##### . ##...## .
#.....# # #.....#
#..†..# ##.(.##
###+#####
###'#########........
.##.....##...##.@......
..#.....#.....#.@......
..'..8..'..)..#........
..#p....#.....#........
. #.....##...##........
###.....#######........
#.......# #..........
######p## ####'######
###..# #..##### #...##
##.....#


You could see Harold.

Vanquished Creatures
  A death knight (D:8)
  Erica (D:9)
  A kobold demonologist (D:8)
  A troll (D:9)
  A hornet (D:9)
  Grinder (D:4)
  5 yaks (D:7)
  2 swamp worms (D:8)
  An acid dragon (D:8)
  Edmund (D:3)
  A black bear (D:5)
  A necrophage (D:8)
  5 orc warriors (Bailey)
  2 ice beasts
  2 sky beasts
  2 ogres (D:4)
  2 centaurs
  A phantom (D:5)
  2 bullfrogs
  A gnoll sergeant (D:7)
  A wyvern zombie (D:7)
  2 scorpions
  A water moccasin zombie (D:6)
  7 wights
  A centaur zombie (D:5)
  3 hounds
  2 bullfrog skeletons (D:6)
  Natasha (thrice) (D:2)
  2 centaur skeletons (D:7)
  3 iguanas
  Ijyb (D:4)
  An orc wizard (D:7)
  A scorpion zombie (D:5)
  2 howler monkey zombies
  Robin (D:4)
  7 gnolls
  10 adders
  A white imp (D:5)
  3 ufetubi
  4 adder skeletons (D:4)
  2 worms (D:3)
  3 dart slugs (D:1)
  18 orcs
  7 ball pythons
  8 endoplasms
  A giant cockroach (D:2)
  21 goblins
  12 hobgoblins
  7 jackals
  2 quokkas (D:3)
  5 bats
  5 frilled lizards
  12 kobolds
  A quokka skeleton (D:4)
  4 rats
198 creatures vanquished.

Vanquished Creatures (others)
  4 plants (D:8)
4 creatures vanquished.

Grand Total: 202 creatures vanquished

Notes
Turn   | Place    | Note
-------+----------+-------------------------------------------
     0 | D:1      | pkoi the Demigod Air Elementalist began the quest for the
                  | Orb.
     0 | D:1      | Reached XP level 1. HP: 14/14 MP: 5/5
   357 | D:1      | Reached skill level 3 in Air Magic
   465 | D:1      | Reached XP level 2. HP: 20/20 MP: 5/7
  2145 | D:2      | Learned a level 2 spell: Static Discharge
  2193 | D:2      | Reached XP level 3. HP: 13/26 MP: 0/9
  3163 | D:2      | Reached skill level 4 in Air Magic
  3367 | D:2      | Reached XP level 4. HP: 30/33 MP: 3/10
  3397 | D:2      | Noticed Natasha
  3417 | D:2      | Killed Natasha
  3422 | D:2      | Noticed Natasha
  3744 | D:2      | Killed Natasha
  4000 | D:2      | Noticed Natasha
  4004 | D:2      | Killed Natasha
  4353 | D:3      | Reached XP level 5. HP: 38/38 MP: 7/12
  4503 | D:3      | Learned a level 3 spell: Swiftness
  4508 | D:3      | Learned a level 4 spell: Airstrike
  4553 | D:3      | Reached skill level 1 in Conjurations
  5499 | D:4      | Reached skill level 5 in Air Magic
  6645 | D:4      | Reached XP level 6. HP: 45/46 MP: 10/13
  6758 | D:4      | Noticed Ijyb
  7583 | D:4      | Killed Ijyb
  7584 | D:4      | Reached skill level 1 in Fighting
  7584 | D:4      | Reached skill level 1 in Armour
  7828 | D:4      | Noticed Edmund
  7860 | D:4      | Noticed Robin
  8204 | D:3      | Killed Edmund
  8507 | D:4      | Killed Robin
  8831 | D:4      | Noticed Grinder
  8842 | D:4      | Killed Grinder
  8843 | D:4      | Reached XP level 7. HP: 37/53 MP: 9/14
  9455 | D:4      | Reached skill level 6 in Air Magic
  9761 | D:4      | Found a runed translucent door.
  9762 | D:4      | Noticed Crazy Yiuf
  9792 | D:5      | Entered Level 5 of the Dungeon
 10915 | D:5      | Found a runed translucent gate.
 10915 | D:5      | Found a runed translucent gate.
 10915 | D:5      | Found a runed translucent gate.
 10920 | D:5      | Noticed Soldner's ghost (novice MiFi)
 10932 | D:5      | Reached XP level 8. HP: 62/62 MP: 6/15
 11192 | D:5      | Found Ustraa Agud's General Store.
 12733 | D:6      | Found a staircase to the Ecumenical Temple.
 12779 | Temple   | Entered the Ecumenical Temple
 12783 | Temple   | Reached skill level 7 in Air Magic
 15147 | D:7      | Reached skill level 5 in Conjurations
 15147 | D:7      | Reached XP level 9. HP: 54/69 MP: 6/16
 15151 | D:7      | Reached skill level 8 in Air Magic
 15804 | D:7      | Reached skill level 1 in Unarmed Combat
 16302 | D:8      | Learned a level 3 spell: Ozocubu's Armour
 16338 | D:8      | Identified the ring "Ofusyvi" {Dex+3 Slay+4}
 16438 | D:8      | Reached skill level 1 in Ice Magic
 16511 | D:8      | Found a flagged portal.
 16587 | Bailey   | Entered a bailey
 16647 | Bailey   | Noticed an orc warlord
 17460 | Bailey   | Found a runed translucent gate.
 17460 | Bailey   | Found a runed translucent gate.
 17468 | Bailey   | Found a runed translucent gate.
 18039 | D:8      | Acquired the Compendium of Icy Flight
 18872 | D:9      | Noticed Erica
 18876 | D:9      | Killed Erica
 18877 | D:9      | Reached skill level 1 in Evocations
 19206 | D:9      | Reached skill level 9 in Air Magic
 19206 | D:9      | Reached XP level 10. HP: 31/77 MP: 1/18
 19594 | D:9      | Noticed a death yak
 19595 | D:9      | Found a staircase to the Lair.
 19595 | D:9      | Noticed a death yak
 20052 | D:9      | Noticed a death knight
 21022 | D:8      | Killed a death knight
 21391 | D:9      | Noticed Harold
 21395 | D:9      | HP: 2/77 [/static electricity (4)]
 21395 | D:9      | Slain by Harold

Illustrated notes

Levels and vault maps discovered:
D:1:      dpeg_cavernosity, layout_loops_ring, chequers_ecumenical_altar_simple,
          dk_noncrumbling_3, minmay_crystal_water, item_on_display_a
D:2:      layout_basic, uniq_natasha
D:3:      layout_rooms, minmay_surrounded
D:4:      layout_cave_pools, chequers_temple_overflow_minitemple,
          nicolae_overflow_squiral, uniq_ijyb, uniq_edmund, uniq_robin,
          uniq_crazy_yiuf_cottage, uniq_grinder
D:5:      nicolae_cairo_tiling_very_big, layout_basic, ebering_ghost_gozag,
          serial_shops, shop
D:6:      layout_rooms, minmay_temple_entry_arrows
D:7:      layout_loops_cross
D:8:      layout_gridville, enter_bailey_5, worms_lemuel
D:9:      layout_roguey, mainiacjoe_overflow_alcove_1, dpeg_lair_monsters,
          kennysheep_nub, minmay_three_doors, uniq_erica, uniq_harold
Temple:   eino_temple_water

Skill      XL: |  1  2  3  4  5  6  7  8  9 10 |
---------------+-------------------------------+-----
Air Magic      | 3 4 5 6 7 9 |  9.2
Spellcasting   | 2 3 |  3.8
Conjurations   | 1 2 3 5 6 |  6.9
Dodging        | 2 3 4 |  4.0
Fighting       | 1 2 3 |  3.0
Armour         | 1 2 4 |  4.0
Unarmed Combat | 2 3 |  3.3
Ice Magic      | 2 3 |  3.5
Evocations     | 1 2 |  2.5
Stealth        | |  1.7

Action                   |  1- 3 |  4- 6 |  7- 9 | 10-12 || total
-------------------------+-------+-------+-------+-------++-------
Melee: Unarmed           |     7 |       |       |       ||     7
       Punch             |     1 |       |       |       ||     1
       War axe           |     2 |     2 |       |       ||     4
       Quarterstaff      |       |    13 |    23 |       ||    36
       Staff             |       |       |     8 |       ||     8
 Cast: Shock             |    77 |   128 |   165 |       ||   370
       Static Discharge  |     1 |    22 |    50 |    12 ||    85
       Airstrike         |       |       |    36 |    13 ||    49
Evoke: Wand              |       |       |     5 |       ||     5
  Use: Scroll            |       |     8 |    10 |     1 ||    19
       Potion            |       |       |     1 |       ||     1
 Stab: Sleeping          |       |     1 |       |       ||     1
       Distracted        |       |       |     1 |       ||     1
Armor: Robe              |     1 |    11 |    19 |     3 ||    34
Dodge: Dodged            |    13 |    27 |    93 |     8 ||   141
